[Event "25th Zadar Open 2018"]
[Site "Zadar"]
[Date "2018.12.15"]
[Round "1.20"]
[White "Karthik Kumar Pradeep"]
[Black "Ivekovic, Bozidar"]
[Result "1-0"]
[ECO "D12"]
[WhiteElo "2230"]
[BlackElo "2406"]
[Annotator "NA"]
[PlyCount "81"]
[EventDate "2018.12.15"]
[EventType "swiss"]
[EventCountry "CRO"]
[SourceTitle "playchess.com"]
[Source "ChessBase"]
[SourceQuality "1"]
[TimeControl "40/5400+30:1800+30"]

1. d4 d5 2. c4 c6 3. Nf3 Nf6 4. e3 Bf5 5. Nc3 e6 6. Nh4 Be4 7. f3 Bg6 8. Qb3 Qc7 9. Bd2 Bd6 10. Nxg6 hxg6 11. f4 Nbd7 12. Rc1 Qb6 13. Qc2 Bb4 14. c5 Qd8 15. g3 Bxc3 16. Bxc3 Ne4 17. Bg2 Ndf6 18. Qe2 Qc7 19. O-O Ke7 20. Rfd1 g5 21. b4 Rh7 22. Be1 Rah8 23. Bf3 gxf4 24. exf4 g5 25. Bxe4 Nxe4 26. fxg5 Nxg5 27. Bd2 Ne4 28. Bf4 Qc8 29. Rc2 Qg8 30. Qf3 Qg6 31. Rg2 f6 32. b5 Qe8 33. bxc6 Qxc6 34. Rb2 Rh5 35. Rdb1 e5 36. Rxb7+ Kd8 37. Rxa7 Qc8 38. Bxe5 Rxe5 39. Qa3 Nd2 40. Qa5+ Ke8 41. Ra8 1-0

[Event "25th Zadar Open 2018"]
[Site "Zadar"]
[Date "2018.12.16"]
[Round "2.9"]
[White "Tica, Sven"]
[Black "Karthik Kumar Pradeep"]
[Result "1/2-1/2"]
[ECO "E00"]
[WhiteElo "2439"]
[BlackElo "2230"]
[Annotator "NA"]
[PlyCount "89"]
[EventDate "2018.12.15"]
[EventType "swiss"]
[EventCountry "CRO"]
[SourceTitle "playchess.com"]
[Source "ChessBase"]
[SourceQuality "1"]
[TimeControl "40/5400+30:1800+30"]

1. d4 Nf6 2. c4 e6 3. g3 Bb4+ 4. Bd2 Bxd2+ 5. Nxd2 d6 {[%emt 0:00:00] LiveBook: 34 Games} 6. e3 O-O 7. Bg2 e5 8. Ne2 c6 9. O-O Nbd7 10. b4 exd4 11. Nxd4 Ne5 $14 12. Qb3 c5 13. Nb5 a6 14. Nc3 cxb4 15. Qxb4 Nd3 16. Qb1 Nc5 17. Nb3 Rb8 18. Rd1 Qb6 19. Nd4 Qc7 20. Qb4 Bd7 21. Rab1 Bc6 22. Nf5 Rfd8 23. Qb6 Qxb6 24. Rxb6 Bxg2 25. Kxg2 Nfe4 26. Nxe4 Nxe4 27. Rd4 Nc5 28. Nxd6 Rd7 29. Kf3 Kf8 30. Ne4 Rc7 31. Nxc5 Rxc5 32. Ke4 Rbc8 33. Rxb7 Rxc4 34. Ra7 R8c6 35. a4 g6 36. a5 R4c5 37. Rd5 Rc4+ 38. Kd3 Rc3+ 39. Ke2 Ra3 40. Kf3 Ra2 41. g4 Rf6+ 42. Ke4 Re6+ 43. Kf3 Rf6+ 44. Ke4 Re6+ 45. Kf3 1/2-1/2

[Event "25th Zadar Open 2018"]
[Site "Zadar"]
[Date "2018.12.16"]
[Round "2.21"]
[White "Sutkovic, Damir"]
[Black "Sokac, Marko"]
[Result "1/2-1/2"]
[ECO "D85"]
[WhiteElo "2345"]
[BlackElo "2301"]
[Annotator "NA"]
[PlyCount "95"]
[EventDate "2018.12.15"]
[EventType "swiss"]
[EventCountry "CRO"]
[SourceTitle "playchess.com"]
[Source "ChessBase"]
[SourceQuality "1"]
[TimeControl "40/5400+30:1800+30"]

1. d4 Nf6 2. c4 g6 3. Nc3 d5 4. cxd5 Nxd5 5. Bd2 {[%emt 0:00:00] LiveBook: 1883 Games} Bg7 6. e4 Nxc3 7. Bxc3 O-O 8. Rc1 c5 9. dxc5 Bxc3+ 10. Rxc3 Qxd1+ 11. Kxd1 Be6 12. Nf3 a5 13. a4 Rd8+ $14 14. Kc1 Nc6 15. Bb5 Nb4 16. Kb1 f6 17. h3 Kg7 18. b3 h5 19. Rhc1 g5 20. Bc4 Bxc4 21. Rxc4 e5 22. g4 Rd3 23. R4c3 Rad8 24. gxh5 Kh6 25. Nh2 Kxh5 26. Ng4 Kg6 27. Ne3 Rd2 28. Nc4 Rxf2 29. Nxa5 Rdd2 30. Nc4 Rde2 31. Re3 Rxe3 32. Nxe3 Rf3 33. Rc3 Rxh3 34. Kb2 Kh5 35. Ka3 Nc6 36. b4 g4 37. b5 Nd4 38. Kb4 g3 39. c6 bxc6 40. bxc6 Nxc6+ 41. Rxc6 Kg5 42. Rc8 Kf4 43. Nd5+ Kxe4 44. Nxf6+ Kf5 45. Nd5 g2 46. Rg8 Ke4 47. Rxg2 Kxd5 48. a5 1/2-1/2

[Event "25th Zadar Open 2018"]
[Site "Zadar"]
[Date "2018.12.16"]
[Round "2.22"]
[White "Blagojevic, Tijana"]
[Black "Paszewski, Mateusz"]
[Result "1/2-1/2"]
[ECO "B12"]
[WhiteElo "2208"]
[BlackElo "2342"]
[Annotator "NA"]
[PlyCount "73"]
[EventDate "2018.12.15"]
[EventType "swiss"]
[EventCountry "CRO"]
[SourceTitle "playchess.com"]
[Source "ChessBase"]
[SourceQuality "1"]
[TimeControl "40/5400+30:1800+30"]

1. e4 c6 2. d4 d5 3. e5 Bf5 4. Nd2 e6 5. Nb3 Nd7 6. Nf3 h6 7. Be2 Ne7 8. O-O g5 9. Ne1 Qc7 10. Bg4 c5 11. c3 Bg7 12. Be3 (12. Bxf5 $14 Nxf5 13. dxc5) 12... O-O-O 13. Rc1 $15 Bxg4 14. Qxg4 h5 15. Qe2 Rdg8 16. c4 dxc4 17. Rxc4 Kb8 18. Nxc5 Nxc5 19. Rxc5 Qd7 20. Nd3 Nd5 21. Rfc1 Bf8 22. R5c4 Be7 23. b4 g4 24. Nc5 Bxc5 25. dxc5 Rc8 26. c6 Rxc6 27. Rxc6 bxc6 28. Bc5 Kb7 29. Bd6 f5 30. Rc5 Rc8 31. Ra5 Ka8 32. Qc4 h4 33. Bc5 Rc7 34. Bd6 Rc8 35. Bc5 Rc7 36. Bd6 Rc8 37. Bc5 1/2-1/2

[Event "25th Zadar Open 2018"]
[Site "Zadar"]
[Date "2018.12.16"]
[Round "2.24"]
[White "Ivekovic, Bozidar"]
[Black "Bosnjak, Petar"]
[Result "0-1"]
[ECO "E05"]
[WhiteElo "2406"]
[BlackElo "2255"]
[Annotator "NA"]
[PlyCount "80"]
[EventDate "2018.12.15"]
[EventType "swiss"]
[EventCountry "CRO"]
[SourceTitle "playchess.com"]
[Source "ChessBase"]
[SourceQuality "1"]
[TimeControl "40/5400+30:1800+30"]

1. d4 Nf6 2. c4 e6 3. g3 d5 4. Bg2 Be7 5. Nf3 O-O 6. O-O dxc4 7. Qc2 a6 8. a4 Bd7 9. Qxc4 Bc6 10. Nc3 b5 11. Qd3 b4 12. Nb1 Be4 13. Qd1 c5 14. Nbd2 Bd5 15. dxc5 $15 {[%emt 0:01:30] LiveBook: 26 Games} Nbd7 16. c6 Bxc6 17. Nc4 Bd5 18. Ne3 Be4 19. Nd2 Bxg2 20. Kxg2 Qc7 21. Nec4 Nc5 22. Kg1 Rac8 23. a5 Nce4 24. Nb6 Rcd8 25. Qe1 Bc5 26. Kg2 Bxb6 27. axb6 Qxb6 28. Nc4 Qb5 29. Na5 Rc8 30. Nb3 Qd5 31. f3 Qxb3 32. fxe4 Rc2 33. Qf2 Qc4 34. Re1 Nxe4 35. Qf3 b3 36. Be3 Rxb2 37. Rad1 e5 38. Kh1 Rc2 39. Rf1 h6 40. Kg1 Qxe2 0-1

[Event "25th Zadar Open 2018"]
[Site "Zadar"]
[Date "2018.12.16"]
[Round "2.25"]
[White "Bilobrk, Franjo"]
[Black "Warakomska, Anna"]
[Result "1-0"]
[ECO "D17"]
[WhiteElo "2364"]
[BlackElo "2233"]
[Annotator "NA"]
[PlyCount "91"]
[EventDate "2018.12.15"]
[EventType "swiss"]
[EventCountry "CRO"]
[SourceTitle "playchess.com"]
[Source "ChessBase"]
[SourceQuality "1"]
[TimeControl "40/5400+30:1800+30"]

1. d4 d5 2. c4 c6 3. Nf3 Nf6 4. Nc3 dxc4 5. a4 Bf5 6. Ne5 e6 7. f3 Bb4 8. e4 Bxe4 9. fxe4 Nxe4 10. Bd2 Qxd4 11. Nxe4 Qxe4+ 12. Qe2 Bxd2+ 13. Kxd2 Qd5+ 14. Kc2 Na6 15. Nxc4 O-O-O 16. Qe5 $14 {[%emt 0:09:30] LiveBook: 52 Games} f6 17. Qxd5 cxd5 18. Na3 Nc5 19. b4 Ne4 20. a5 e5 21. a6 b6 22. Bd3 Nd6 23. Rhd1 Kd7 24. Kb3 f5 25. Rac1 Rc8 26. Nb5 e4 27. Nxd6 Rxc1 28. Rxc1 Kxd6 29. Bb5 d4 30. Rc6+ Ke5 31. Rc7 d3 32. Kc3 Rd8 33. Rxa7 d2 34. Be2 d1=Q 35. Bxd1 Rxd1 36. Re7+ Kf4 37. Kc4 Rd2 38. a7 Ra2 39. Kb5 Ke3 40. Kxb6 Kd2 41. b5 e3 42. Kb7 e2 43. a8=Q Rxa8 44. Kxa8 e1=Q 45. Rxe1 Kxe1 46. b6 1-0

[Event "25th Zadar Open 2018"]
[Site "Zadar"]
[Date "2018.12.16"]
[Round "2.26"]
[White "Nester, Ihor"]
[Black "Kantorik, Marian"]
[Result "1-0"]
[ECO "D02"]
[WhiteElo "2337"]
[BlackElo "2223"]
[Annotator "NA"]
[PlyCount "81"]
[EventDate "2018.12.15"]
[EventType "swiss"]
[EventCountry "CRO"]
[SourceTitle "playchess.com"]
[Source "ChessBase"]
[SourceQuality "1"]
[TimeControl "40/5400+30:1800+30"]

1. Nf3 d5 2. d4 Nc6 3. Bf4 e6 4. e3 Bd6 5. Bg3 Nge7 6. a3 Nf5 7. Bxd6 Nxd6 8. Nbd2 O-O 9. Bd3 b6 10. Ne5 $11 Nxe5 11. dxe5 Nf5 12. Qg4 f6 13. e4 Nh6 14. Qh5 Bb7 15. O-O dxe4 16. Nxe4 Qd5 17. f3 c5 18. Rad1 Rad8 19. Nxf6+ Rxf6 20. Be2 Nf7 21. Rxd5 Rxd5 22. f4 Rf5 23. Qh3 Rd2 24. Bf3 Bxf3 25. Qxf3 g5 26. Qc3 Rd4 27. fxg5 Rxg5 28. Qh3 Rxe5 29. Qg3+ Rg5 30. Qc7 Rf5 31. Rxf5 exf5 32. Qxa7 Rd1+ 33. Kf2 Rd2+ 34. Kg3 Rxc2 35. Qxb6 c4 36. a4 c3 37. Qb8+ Kg7 38. Qb3 f4+ 39. Kxf4 Rxg2 40. Qxc3+ Kh6 41. Qh3+ 1-0

[Event "25th Zadar Open 2018"]
[Site "Zadar"]
[Date "2018.12.16"]
[Round "2.27"]
[White "Muha, Miljenko"]
[Black "Jeet, Jain"]
[Result "1-0"]
[ECO "D05"]
[WhiteElo "2334"]
[BlackElo "2212"]
[Annotator "NA"]
[PlyCount "81"]
[EventDate "2018.12.15"]
[EventType "swiss"]
[EventCountry "CRO"]
[SourceTitle "playchess.com"]
[Source "ChessBase"]
[SourceQuality "1"]
[TimeControl "40/5400+30:1800+30"]

1. Nf3 d5 2. d4 Nf6 3. c4 e6 4. e3 b6 5. b3 Bb7 6. Bd3 Nbd7 7. O-O Be7 8. Bb2 O-O 9. Nbd2 c5 10. Rc1 Ne4 11. cxd5 exd5 12. Qe2 {[%emt 0:09:30] LiveBook: 3 Games} a6 13. Rfd1 f5 $11 14. dxc5 bxc5 15. Nxe4 fxe4 16. Bxe4 dxe4 17. Ne5 Bc8 18. Qc4+ Kh8 19. Qxe4 Qe8 20. Qxa8 Nxe5 21. Bxe5 Qg6 22. Qd5 Bg4 23. Bg3 h5 24. f3 Bf5 25. Qe5 Re8 26. Rd5 Bg5 27. Qxf5 Bxe3+ 28. Kh1 Qxf5 29. Rxf5 Bxc1 30. Rxh5+ Bh6 31. Rxc5 Rd8 32. h4 Bd2 33. Rc6 Ra8 34. Be5 Kh7 35. Rc7 Rg8 36. g4 a5 37. f4 Kh6 38. Kg2 Be1 39. Kh3 a4 40. bxa4 g6 41. g5+ 1-0

[Event "25th Zadar Open 2018"]
[Site "Zadar"]
[Date "2018.12.16"]
[Round "3.10"]
[White "Nielsen, Hogni Egilstoft"]
[Black "Mohite, Ranveer"]
[Result "1/2-1/2"]
[ECO "B51"]
[WhiteElo "2400"]
[BlackElo "2236"]
[Annotator "NA"]
[PlyCount "77"]
[EventDate "2018.12.15"]
[EventType "swiss"]
[EventCountry "CRO"]
[SourceTitle "playchess.com"]
[Source "ChessBase"]
[SourceQuality "1"]
[TimeControl "40/5400+30:1800+30"]

1. e4 c5 2. Nf3 d6 3. Bb5+ Nd7 4. O-O a6 5. Bd3 Ngf6 6. c3 b5 7. Bc2 Bb7 8. Qe2 e6 9. d4 {[%emt 0:00:30] B51: Sicilian: Moscow Variation (3 Bb5+) without 3...Bd7} Be7 10. Nbd2 {[%emt 0:05:30] LiveBook: 23 Games} Qc7 (10... O-O 11. e5 Nd5 12. Ne4 Qc7 13. exd6 Bxd6 14. Nxd6 Qxd6 15. dxc5 Qxc5 {½-½ (58) Kovalev,V (2648)-Grandelius,N (2652) Sharjah 2018}) 11. Bd3 O-O 12. a4 $146 ({Predecessor:} 12. Re1 Rfe8 13. Nf1 cxd4 14. cxd4 e5 15. d5 Nc5 16. Ng3 Nxd3 17. Qxd3 {1-0 (42) Ramirez,A (2549)-Chandra,A (2505) Saint Louis 2017}) 12... b4 13. cxb4 cxd4 14. Nxd4 Ne5 15. b5 Nxd3 16. Qxd3 d5 17. exd5 Bxd5 18. N2f3 e5 19. Nf5 Be4 (19... Bd8 $1 $11 20. Qc3 Qxc3 21. bxc3 Be6) 20. Nxe7+ Qxe7 21. Qa3 Qb7 22. bxa6 Rxa6 23. Re1 $11 Rb6 24. a5 Rb3 25. Qa4 Bxf3 26. a6 Qd5 27. gxf3 Qxf3 28. Be3 Rd3 29. Rad1 e4 30. Rxd3 Qg4+ 31. Kf1 Qh3+ 32. Kg1 Qg4+ 33. Kf1 Qh3+ 34. Kg1 Qg4+ 35. Kf1 Qh3+ 36. Ke2 Qf3+ 37. Kd2 exd3 38. Bc5 Qf5 39. Be3 1/2-1/2

[Event "25th Zadar Open 2018"]
[Site "Zadar"]
[Date "2018.12.16"]
[Round "3.14"]
[White "Sokac, Marko"]
[Black "Janzelj, Tim"]
[Result "1-0"]
[ECO "C11"]
[WhiteElo "2301"]
[BlackElo "2395"]
[Annotator "NA"]
[PlyCount "73"]
[EventDate "2018.12.15"]
[EventType "swiss"]
[EventCountry "CRO"]
[SourceTitle "playchess.com"]
[Source "ChessBase"]
[SourceQuality "1"]
[TimeControl "40/5400+30:1800+30"]

1. e4 e6 2. d4 d5 3. Nc3 Nf6 4. e5 Nfd7 5. f4 c5 6. Nf3 Nc6 7. dxc5 Bxc5 8. Bd3 a6 9. a3 b5 10. Bd2 Nb6 11. b4 Be7 12. O-O Nc4 13. Qe1 f5 14. exf6 Bxf6 15. Ng5 Nxd2 16. Qxd2 Bd4+ 17. Kh1 Qf6 18. Nxb5 axb5 19. Bxb5 Bd7 20. Rae1 Bc3 21. Qxd5 Bxe1 22. Rxe1 O-O-O 23. Nxe6 Kb7 24. Re5 Rhe8 25. Ba6+ Ka8 26. Qb5 Rb8 27. Nc7+ Ka7 28. Qc5+ Rb6 29. Nd5 Qd8 30. Rxe8 Bxe8 31. Bd3 h6 32. a4 Bf7 33. a5 Bxd5 34. axb6+ Kb7 35. b5 Nb8 36. c4 Qe8 37. Qc7+ 1-0

[Event "25th Zadar Open 2018"]
[Site "Zadar"]
[Date "2018.12.16"]
[Round "3.15"]
[White "Kurayan, Ruslan"]
[Black "Dixit, Nikhil"]
[Result "1/2-1/2"]
[ECO "B08"]
[WhiteElo "2391"]
[BlackElo "2292"]
[Annotator "NA"]
[PlyCount "86"]
[EventDate "2018.12.15"]
[EventType "swiss"]
[EventCountry "CRO"]
[SourceTitle "playchess.com"]
[Source "ChessBase"]
[SourceQuality "1"]
[TimeControl "40/5400+30:1800+30"]

1. e4 g6 2. d4 Bg7 3. Nc3 c6 4. Nf3 d6 5. Be3 Nf6 6. h3 O-O 7. Qd2 Qa5 8. Bd3 {[%emt 0:03:30] B08: Pirc Defence: Classical System} e5 9. dxe5 dxe5 10. O-O Nbd7 11. a3 (11. Nd5 Qd8 12. Nxf6+ Bxf6 13. Bc4 Qe7 14. Rfd1 {0-1 (48) Khenkin,I (2565)-Onischuk,V (2610) Dresden 2017}) 11... Rd8 $146 ({Predecessor:} 11... Re8 12. Bc4 Nf8 13. Rfd1 Be6 14. Qe2 Rad8 15. Ng5 Bxc4 16. Qxc4 Rxd1+ 17. Rxd1 {½-½ (45) Roca Rojas,A (2242)-Perez Mederos,R (2192) Santa Clara 2015}) 12. Ng5 Nf8 13. Nd5 Rxd5 14. exd5 Qxd2 15. Bxd2 cxd5 16. Bb5 a6 17. Ba4 e4 18. f3 e3 19. Bxe3 h6 20. h4 hxg5 21. hxg5 N6d7 22. Rad1 Ne5 23. Bb3 Be6 24. Bd4 Nc4 $15 25. Bxc4 dxc4 26. Rfe1 Rc8 27. Bxg7 Kxg7 28. c3 Rc5 29. f4 Rc7 30. Rd8 Nd7 31. Kf2 Nc5 32. Kf3 Nd3 33. Re2 Rc5 34. a4 Rf5 35. g3 Rd5 36. Rxd5 Bxd5+ 37. Ke3 Be6 38. Kd4 b6 39. b4 Nc1 40. Re1 Nb3+ 41. Ke5 Bd7 42. Kd5 Bxa4 43. Kxc4 a5 1/2-1/2

[Event "25th Zadar Open 2018"]
[Site "Zadar"]
[Date "2018.12.16"]
[Round "3.16"]
[White "Bukal, Vladimir Jr."]
[Black "Ojas Kulkarni"]
[Result "1-0"]
[ECO "D00"]
[WhiteElo "2390"]
[BlackElo "2282"]
[Annotator "NA"]
[PlyCount "83"]
[EventDate "2018.12.15"]
[EventType "swiss"]
[EventCountry "CRO"]
[SourceTitle "playchess.com"]
[Source "ChessBase"]
[SourceQuality "1"]
[TimeControl "40/5400+30:1800+30"]

1. d4 Nf6 2. Nf3 g6 3. Nc3 d5 4. Bf4 Bg7 5. e3 O-O $11 {[%emt 0:00:00] LiveBook: 982 Games} 6. Be2 c5 7. Ne5 cxd4 8. exd4 Nc6 9. O-O Qb6 10. Nxc6 Qxc6 11. Bb5 Qb6 12. a4 a6 13. a5 Qd8 14. Be2 Bd7 15. Bf3 Bc6 16. Re1 e6 17. Re3 Rc8 18. h4 Ne4 19. g3 Nd6 20. b3 Nf5 21. Rd3 Qd7 22. Na4 Bxa4 23. Rxa4 Rfe8 24. Rb4 Bf8 25. Rb6 Bd6 26. Bxd6 Nxd6 27. h5 Rc7 28. Qe2 Nc8 29. Rb4 Qd6 30. c3 Rxc3 31. Rxb7 Rc7 32. Rxc7 Qxc7 33. Bxd5 Qxa5 34. Bc6 Rd8 35. d5 Ne7 36. h6 Qa1+ 37. Rd1 Qf6 38. Bb7 exd5 39. Bxa6 d4 40. Re1 Rf8 41. Qxe7 Qxa6 42. Qe5 1-0

[Event "25th Zadar Open 2018"]
[Site "Zadar"]
[Date "2018.12.16"]
[Round "3.17"]
[White "Salimova, Nurgyul"]
[Black "Sahil, Tickoo"]
[Result "1-0"]
[ECO "B99"]
[WhiteElo "2377"]
[BlackElo "2224"]
[Annotator "NA"]
[PlyCount "87"]
[EventDate "2018.12.15"]
[EventType "swiss"]
[EventCountry "CRO"]
[SourceTitle "playchess.com"]
[Source "ChessBase"]
[SourceQuality "1"]
[TimeControl "40/5400+30:1800+30"]

1. e4 c5 2. Nf3 d6 3. d4 cxd4 4. Nxd4 Nf6 5. Nc3 a6 6. Bg5 e6 7. f4 Be7 8. Qf3 Qc7 9. O-O-O Nbd7 10. g4 b5 11. Bxf6 Nxf6 12. g5 Nd7 13. f5 O-O 14. fxe6 fxe6 15. Nxe6 Rxf3 16. Nxc7 Bxg5+ 17. Kb1 Ra7 18. Ne8 Ne5 19. Nxd6 Be6 20. a4 b4 21. Nd5 b3 22. cxb3 Rxb3 23. Be2 Rd7 24. h4 Bd8 25. Nf5 Rxd5 26. Rxd5 Bxd5 27. exd5 g6 28. Nd4 Rb6 29. Ne6 Bf6 30. Nc5 Bg7 31. Nxa6 Nd7 32. Bb5 Nf6 33. Rd1 Ne4 34. Nc7 Nd6 35. Rc1 Bf6 36. Rc6 Rxc6 37. dxc6 Bxh4 38. Nd5 Kf7 39. c7 Bf2 40. Bd7 h5 41. b4 g5 42. b5 g4 43. b6 g3 44. Bh3 1-0

[Event "25th Zadar Open 2018"]
[Site "Zadar"]
[Date "2018.12.16"]
[Round "3.18"]
[White "Zelic, Mladen"]
[Black "Bilobrk, Franjo"]
[Result "1/2-1/2"]
[ECO "C11"]
[WhiteElo "2274"]
[BlackElo "2364"]
[Annotator "NA"]
[PlyCount "22"]
[EventDate "2018.12.15"]
[EventType "swiss"]
[EventCountry "CRO"]
[SourceTitle "playchess.com"]
[Source "ChessBase"]
[SourceQuality "1"]
[TimeControl "40/5400+30:1800+30"]

1. e4 e6 2. d4 d5 3. Nc3 Nf6 4. e5 Nfd7 5. f4 c5 6. Nf3 Nc6 7. Be3 Qb6 8. Na4 Qa5+ 9. Nc3 Qb6 10. Na4 Qa5+ 11. Nc3 Qb6 1/2-1/2

[Event "25th Zadar Open 2018"]
[Site "Zadar"]
[Date "2018.12.16"]
[Round "3.19"]
[White "Bosnjak, Petar"]
[Black "Sutkovic, Damir"]
[Result "0-1"]
[ECO "B42"]
[WhiteElo "2255"]
[BlackElo "2345"]
[Annotator "NA"]
[PlyCount "114"]
[EventDate "2018.12.15"]
[EventType "swiss"]
[EventCountry "CRO"]
[SourceTitle "playchess.com"]
[Source "ChessBase"]
[SourceQuality "1"]
[TimeControl "40/5400+30:1800+30"]

1. e4 c5 2. Nf3 e6 3. d4 cxd4 4. Nxd4 a6 5. Bd3 Bc5 6. Nb3 Be7 7. Qg4 Bf6 8. Nc3 d6 9. Bd2 Nc6 10. O-O-O Nge7 11. h4 O-O 12. Bg5 Bxc3 13. bxc3 Ne5 14. Qg3 f6 15. Bh6 Rf7 16. Be2 b5 17. Be3 Qc7 18. f4 Nc4 19. Bh5 Rf8 20. Bg4 e5 21. Rhe1 Bxg4 22. Qxg4 f5 23. Qh3 Nxe3 24. Qxe3 fxe4 25. fxe5 d5 26. Qd4 Rac8 27. Kb2 Rf5 28. e6 Rf6 29. Qe3 Rxe6 30. Nd4 Rg6 31. Qd2 Rg3 32. Re3 Rxe3 33. Qxe3 Qe5 34. Qh3 Rd8 35. a3 h6 36. Qg4 Rd6 37. Rf1 Rf6 38. Rxf6 Qxf6 39. Qg3 Kh7 40. Qg4 Ng6 41. Qd7 Ne5 42. Qxd5 Nc4+ 43. Ka2 Qe7 44. Kb1 Nxa3+ 45. Kc1 Nc4 46. Qf5+ Kg8 47. Qc8+ Qf8 48. Qxf8+ Kxf8 49. Ne6+ Kf7 50. Nc7 a5 51. Nxb5 Kg6 52. Nd4 Kh5 53. Nf5 Kg4 54. Nxg7 a4 55. Ne6 a3 56. Kb1 Kxh4 57. Nc5 e3 0-1

[Event "25th Zadar Open 2018"]
[Site "Zadar"]
[Date "2018.12.16"]
[Round "3.20"]
[White "Paszewski, Mateusz"]
[Black "Pallitsch, Clemens"]
[Result "0-1"]
[ECO "B48"]
[WhiteElo "2342"]
[BlackElo "2176"]
[Annotator "ChessBase"]
[PlyCount "182"]
[EventDate "2018.12.15"]
[EventType "swiss"]
[EventCountry "CRO"]
[SourceTitle "playchess.com"]
[Source "ChessBase"]
[SourceQuality "1"]
[TimeControl "40/5400+30:1800+30"]

1. e4 c5 2. Nf3 e6 3. d4 cxd4 4. Nxd4 Nc6 5. Nc3 Qc7 6. Be3 a6 7. Qf3 Nf6 8. O-O-O Be7 9. Be2 Nxd4 10. Bxd4 d6 11. h3 e5 12. Be3 Be6 13. g4 Rc8 14. g5 Nd7 15. Kb1 b5 16. Rc1 Qa5 17. Nd5 Bxd5 18. exd5 Nb6 19. Bxb6 Qxb6 20. h4 Rc5 21. Bd3 b4 22. Qe4 Qb7 23. Bc4 O-O 24. Rcg1 Rfc8 25. b3 Qd7 26. Bd3 g6 27. h5 Bf8 28. Rg3 Bg7 29. Rf3 Qc7 30. hxg6 hxg6 31. Bc4 Qa5 32. Rf6 Qa3 33. Qf3 Ra5 34. Qh3 Qxa2+ 35. Kc1 Qa1+ 36. Kd2 Qc3+ 37. Qxc3 bxc3+ 38. Kd3 Bxf6 39. gxf6 Rac5 40. Rd1 a5 41. Ra1 e4+ 42. Kxe4 Re8+ 43. Kd4 Re5 44. b4 axb4 45. Ra8+ Kh7 46. Rd8 Rf5 47. Rxd6 Rc7 48. Bb3 Rxf2 49. Rb6 g5 50. d6 Rd7 51. Ba4 Rd8 52. d7 g4 53. Ke5 Kg6 54. Rxb4 Rf5+ 55. Kd6 g3 56. Bc6 Rg5 57. Bg2 Kxf6 58. Rc4 Re5 59. Rxc3 Re6+ 60. Kc7 Ke7 61. Bc6 Rg8 62. Bb7 Re2 63. Bc6 g2 64. Bxg2 Rexg2 65. Re3+ Kf6 66. d8=Q+ Rxd8 67. Kxd8 Rxc2 68. Ke8 Rf2 69. Kf8 Kg5 70. Ke7 f5 71. Ke6 f4 72. Re1 f3 73. Kd5 Rd2+ 74. Kc4 Kf4 75. Kc3 Rd8 76. Kc2 Kg3 77. Re7 Kg2 78. Rg7+ Kf1 79. Kc1 Rd4 80. Kc2 Kf2 81. Rg8 Ke3 82. Re8+ Kf4 83. Rf8+ Kg3 84. Rg8+ Rg4 85. Rf8 Kg2 86. Kd2 f2 87. Ke2 Re4+ 88. Kd3 Re1 89. Rg8+ Kh3 90. Rh8+ Kg4 91. Rg8+ Kh5 0-1

[Event "25th Zadar Open 2018"]
[Site "Zadar"]
[Date "2018.12.16"]
[Round "3.21"]
[White "Blagojevic, Tijana"]
[Black "Nester, Ihor"]
[Result "1/2-1/2"]
[ECO "C47"]
[WhiteElo "2208"]
[BlackElo "2337"]
[Annotator "NA"]
[PlyCount "134"]
[EventDate "2018.12.15"]
[EventType "swiss"]
[EventCountry "CRO"]
[SourceTitle "playchess.com"]
[Source "ChessBase"]
[SourceQuality "1"]
[TimeControl "40/5400+30:1800+30"]

1. e4 e5 2. Nf3 Nc6 3. Nc3 Nf6 4. d4 Bb4 5. Nxe5 Qe7 6. Qd3 Nxd4 {[%emt 0:01:30] C47: Scotch Four Knights and Four Knights with 4 g3} 7. Qxd4 Bc5 8. Qd3 Qxe5 9. f4 Qd4 10. Qxd4 Bxd4 11. Nb5 $146 ({Predecessor:} 11. e5 Bxc3+ 12. bxc3 Ne4 13. c4 b6 14. Bd3 {0-1 (45) Jahnz,F (2186)-Stern,R (2495) Berlin 2010}) 11... Bb6 12. e5 Ne4 13. Bd3 Nc5 14. Ke2 (14. Be2 $11 {remains equal.}) 14... Nxd3 15. cxd3 a6 16. Nc3 d6 17. exd6 Bg4+ 18. Kd2 O-O-O 19. h3 Be6 20. dxc7 Bxc7 21. Kc2 Bf5 22. Ne4 Rhe8 23. Re1 h5 24. Bd2 Re6 25. Rad1 Rc6+ 26. Bc3 Bxf4 27. Rf1 Bxe4 28. dxe4 g5 29. Rxd8+ Kxd8 30. g3 Bxg3 31. Rxf7 b5 32. Kd3 Ke8 33. Rh7 h4 34. e5 Rc4 {[%emt 0:08:30] [#]} 35. Bd4 $1 Rc1 $18 36. Ke4 Rf1 37. Kd5 Rf7 38. Rh8+ Rf8 39. Rh6 Bf2 40. Bxf2 Rxf2 41. Rxa6 Rxb2 42. Ke6 Kd8 43. Ra8+ Kc7 44. Kf6 g4 45. hxg4 h3 46. Rh8 h2 47. a3 Rf2+ 48. Ke7 Rg2 49. e6 Rxg4 50. Rxh2 Rg3 51. Rh5 Kc6 52. Kf6 Rxa3 53. e7 Rf3+ 54. Ke6 Re3+ 55. Kf7 Rf3+ 56. Ke8 b4 57. Kd8 Rd3+ 58. Kc8 Re3 59. Rh6+ Kc5 60. Kd7 b3 61. e8=Q Rxe8 62. Kxe8 b2 63. Rh1 Kc4 64. Ke7 Kb3 65. Kd6 Ka2 66. Kc5 b1=Q 67. Rxb1 Kxb1 1/2-1/2

[Event "25th Zadar Open 2018"]
[Site "Zadar"]
[Date "2018.12.16"]
[Round "3.22"]
[White "Volotovsky, Kirill"]
[Black "Muha, Miljenko"]
[Result "1-0"]
[ECO "A11"]
[WhiteElo "2179"]
[BlackElo "2334"]
[Annotator "NA"]
[PlyCount "127"]
[EventDate "2018.12.15"]
[EventType "swiss"]
[EventCountry "CRO"]
[SourceTitle "playchess.com"]
[Source "ChessBase"]
[SourceQuality "1"]
[TimeControl "40/5400+30:1800+30"]

1. Nf3 d5 2. c4 c6 3. g3 Nf6 4. Bg2 Bg4 5. Ne5 Be6 6. cxd5 Bxd5 7. Nf3 c5 8. Nc3 Bc6 9. d3 e6 10. O-O Be7 11. e4 O-O 12. Qe2 Be8 13. Rd1 Nc6 14. Bf4 Nd4 15. Qd2 Bc6 16. Rac1 Nd7 17. Be3 e5 18. Ne2 a5 19. Ne1 Kh8 20. f4 f5 21. fxe5 Nxe5 22. Nxd4 cxd4 23. Bf4 Ng4 24. exf5 Ne3 25. Bxe3 dxe3 26. Qe2 Rxf5 27. Bxc6 bxc6 28. Ng2 Bg5 29. Qg4 Qd5 30. Rc2 Raf8 31. h4 Rf2 32. Rxf2 exf2+ 33. Kf1 Bh6 34. b3 Qe5 35. d4 Qd6 36. Rd3 Qd5 37. Qe2 Kg8 38. Rd1 Qd6 39. Qe5 Qd7 40. d5 Re8 41. Qd4 Qh3 42. dxc6 Rf8 43. Qd5+ Kh8 44. Ke2 Qxg3 45. Qe4 Qb8 46. Kf1 Qb5+ 47. Rd3 Qc5 48. Rf3 Qc1+ 49. Kxf2 Qc5+ 50. Kg3 Qd6+ 51. Kh3 Rxf3+ 52. Qxf3 Kg8 53. Qe4 Kf8 54. Qc4 Qc7 55. Qe6 Bd2 56. Qf5+ Ke8 57. Qh5+ Kf8 58. Qf3+ Ke8 59. Qe2+ Kf7 60. Qxd2 Qxc6 61. Qxa5 Qe6+ 62. Kg3 Qd6+ 63. Nf4 Kf8 64. Qc5 1-0

[Event "25th Zadar Open 2018"]
[Site "Zadar"]
[Date "2018.12.16"]
[Round "3.24"]
[White "Spalir, Jernej"]
[Black "Trippold, Denise"]
[Result "1-0"]
[ECO "E12"]
[WhiteElo "2336"]
[BlackElo "2211"]
[Annotator "NA"]
[PlyCount "83"]
[EventDate "2018.12.15"]
[EventType "swiss"]
[EventCountry "CRO"]
[SourceTitle "playchess.com"]
[Source "ChessBase"]
[SourceQuality "1"]
[TimeControl "40/5400+30:1800+30"]

1. d4 Nf6 2. c4 e6 3. Nf3 b6 4. a3 Ba6 5. Qb3 Bb7 6. Nc3 d5 7. Bg5 Be7 8. e3 Nbd7 9. cxd5 exd5 10. Be2 O-O 11. O-O Re8 12. Rac1 c6 13. Na2 Ne4 14. Bxe7 Qxe7 15. Nb4 Rec8 16. Ba6 Ndf6 17. Bxb7 Qxb7 18. Nd3 Ne8 19. Rc2 N8d6 20. Rfc1 Nc4 21. Qa2 Rab8 22. b3 Ncd6 23. Nfe5 c5 24. f3 c4 25. bxc4 dxc4 26. Nxc4 Nxc4 27. Rxc4 Rxc4 28. Qxc4 Nd6 29. Qb4 Rd8 30. e4 g6 31. d5 Qa6 32. Ne5 Qe2 33. Qe1 Qb2 34. Qc3 Qa2 35. Ng4 h5 36. Qf6 Rd7 37. Ne5 Qxa3 38. Rc6 Qa1+ 39. Kf2 Qd4+ 40. Kg3 h4+ 41. Kh3 Ne8 42. Rc8 1-0